 Dungeon Crawl Stone Soup version 0.32-a0-928-g1cae6b7ea0 (webtiles) character file.

Game seed: 2187146581322135839

49 soul19 the Ruffian (level 3, -6/26 HPs)
             Began as a Gnoll Shapeshifter on Apr 10, 2024.
             Mangled by an orc
             ... wielding a +0 trident
              (9 damage)
             ... on level 3 of the Dungeon on Apr 12, 2024.
             The game lasted 00:01:43 (2092 turns).

soul19 the Ruffian (Gnoll Shapeshifter)             Turns: 2092, Time: 00:01:44

Health: -6/26      AC:  0    Str: 15    XL:     3   Next: 77%
Magic:  4/4        EV: 16    Int:  9    God:
Gold:   152        SH:  0    Dex: 11    Spells: 4/4 levels left

rFire   . .          .
                       - Unarmed
rCold   . . .        (shield currently unavailable)
rNeg    . . .        a - melded +0 animal skin
rPois   .            (no helmet)
rElec   .            (no cloak)
rCorr   .            (no gloves)
SInv    .            (no boots)
Will    .....        (no amulet)
Stlth   +            (no ring)
HPRegen 0.24/turn    (no ring)
MPRegen 0.09/turn

%: no passive effects
@: flux-form, glowing
A: glow, contaminating, reduced hp, fangs 1, strong nose, distributed training
a: Begin Untransformation


You were on level 3 of the Dungeon.
You were something dangerously unstable.
You visited 1 branch of the dungeon, and saw 3 of its levels.

You collected 152 gold pieces.

Inventory:

Armour
 a - a +0 animal skin (melded)
Talismans
 c - a beast talisman
 d - a flux talisman (active)
Scrolls
 e - 2 scrolls of immolation {unknown}
 f - a scroll of fog {unknown}
 g - 2 scrolls of revelation {unknown}
 l - 3 scrolls of identify {unknown}
 n - a scroll of teleportation {unknown}
 o - a scroll of noise {unknown}
Potions
 b - a potion of lignification
 h - 2 potions of curing {unknown}
 i - 2 potions of heal wounds {unknown}
 j - a potion of enlightenment {unknown}
 k - 2 potions of degeneration {unknown}
 m - a potion of attraction {unknown}


   Skills:
 + Level 2.6 Fighting
 + Level 1.0 Short Blades
 + Level 1.0 Long Blades
 + Level 1.0 Axes
 + Level 1.0 Maces & Flails
 + Level 1.0 Polearms
 + Level 1.0 Staves
 + Level 1.0 Ranged Weapons
 + Level 1.0 Throwing
 + Level 1.0 Armour
 + Level 4.6 Dodging
 + Level 1.0 Stealth
 + Level 1.0 Shields
 + Level 6.5 Unarmed Combat
 + Level 1.0 Spellcasting
 + Level 0.7 Conjurations
 + Level 0.7 Hexes
 + Level 0.7 Summonings
 + Level 0.7 Necromancy
 + Level 0.7 Translocations
 + Level 0.7 Fire Magic
 + Level 0.7 Ice Magic
 + Level 0.7 Air Magic
 + Level 0.7 Earth Magic
 + Level 0.7 Alchemy
 + Level 1.0 Invocations
 + Level 1.0 Evocations
 + Level 6.5 Shapeshifting


You had 4 spell levels left.
You didn't know any spells.
Your spell library was empty.

Dungeon Overview and Level Annotations

Branches:
Dungeon (3/15)

Altars:
Elyvilon


Innate Abilities, Weirdness & Mutations

You are something dangerously unstable.
You glow with magical radiation, making you easy to see and hit.
Foes you strike become dangerously contaminated with magical radiation.
Your maximum health is decreased, since you lack skill for your form.
You are incapable of wielding weapons or throwing items.
You have very sharp teeth.
Your uncanny sense of smell can sniff out nearby items.
Your experience applies equally to all skills.


Message History

There are monsters nearby!
There are monsters nearby!
An orc wizard comes into view. It is wielding a +0 dagger.
The orc shouts!
The orc wizard shouts!
An endoplasm comes into view.
Found a trident.
The endoplasm quivers.
There is a stone staircase leading up here.
The orc barely misses you.
You barely miss the orc. The orc barely misses you.
You hit the orc.
The orc begins to glow.
The orc is heavily wounded.
The orc misses you.
You hit the orc.
You kill the orc!
The orc wizard points at you and mumbles some strange words.
The magic dart hits you.
The orc hits you from afar with a +0 trident.
The orc wizard hits you with a +0 dagger.
Things that are here:
a +1 dagger of protection; an orc corpse You barely miss the orc wizard.
The orc completely misses you.
You hit the orc wizard.
The orc wizard begins to glow.
The orc wizard is lightly wounded.
The orc wizard misses you. The orc closely misses you.
You hit the orc wizard.
The orc wizard glows dangerously bright.
The orc wizard is heavily wounded.
The orc wizard completely misses you.
The orc hits you from afar with a +0 trident!
* * * LOW HITPOINT WARNING * * *
You barely miss the orc wizard.
The orc wizard is heavily wounded.
The orc wizard casts a spell at you. You resist with significant effort.
The orc barely misses you.
You hit the orc wizard but do no damage.
The orc wizard shudders as magic cascades through it!
You kill the orc wizard!
The orc hits you from afar with a +0 trident!
You die...

..## ## ..#
.. ##.# ...#
..## #.. ....
#.# ... ∆ #.#
..# #.# ..#
#p# ..# ∆
#.###J####..#
#....o.<....#
#.###..##...#
#..##...#
#..##...#
#..#....#
.....o..#
.##.....J#


You could see an orc and an endoplasm.

Vanquished Creatures
  An orc wizard (D:3)
  A gnoll (D:2)
  2 orcs (D:3)
  3 ball pythons
  7 endoplasms
  2 giant cockroaches (D:1)
  A goblin (D:2)
  2 hobgoblins
  2 bats
  2 frilled lizards (D:2)
  7 kobolds
  7 rats
37 creatures vanquished.

Notes
Turn   | Place    | Note
-------+----------+-------------------------------------------
     0 | D:1      | soul19 the Gnoll Shapeshifter began the quest for the Orb.
     0 | D:1      | Reached XP level 1. HP: 17/17 MP: 1/1
   116 | D:1      | Found a faded altar of an unknown god.
   173 | D:1      | Reached XP level 2. HP: 21/23 MP: 2/2
  1159 | D:2      | Upgraded the game from 0.32-a0-918-g0f22ef8d61 to
                  | 0.32-a0-928-g1cae6b7ea0
  1236 | D:2      | Reached XP level 3. HP: 25/28 MP: 3/3
  1620 | D:2      | Reached skill level 1 in Invocations
  1730 | D:3      | Found a white marble altar of Elyvilon.
  1807 | D:3      | Noticed a gnoll sergeant
  1827 | D:2      | Reached skill level 1 in Short Blades
  1827 | D:2      | Reached skill level 1 in Long Blades
  1827 | D:2      | Reached skill level 1 in Axes
  1827 | D:2      | Reached skill level 1 in Maces & Flails
  1827 | D:2      | Reached skill level 1 in Polearms
  1827 | D:2      | Reached skill level 1 in Staves
  1827 | D:2      | Reached skill level 1 in Ranged Weapons
  1827 | D:2      | Reached skill level 1 in Throwing
  1827 | D:2      | Reached skill level 1 in Armour
  1827 | D:2      | Reached skill level 1 in Stealth
  1827 | D:2      | Reached skill level 1 in Shields
  1827 | D:2      | Reached skill level 1 in Spellcasting
  1827 | D:2      | Reached skill level 1 in Evocations
  2092 | D:3      | Mangled by an orc

Illustrated notes

Levels and vault maps discovered:
D:1:      beargit_arrival_greenhouse, layout_basic,
          shapermc_ecumenical_altar_venn, chequers_serial_rivers_micro_d
D:2:      layout_basic, amethyst_killhole
D:3:      layout_loops_ring, mainiacjoe_overflow_small_starburst,
          gammafunk_ghost_mausoleum, hangedman_decor_riveting

Skill      XL: |  1  2  3 |
---------------+----------+-----
Invocations    | 1 |  1.0
Short Blades   | 1 |  1.0
Long Blades    | 1 |  1.0
Axes           | 1 |  1.0
Maces & Flails | 1 |  1.0
Polearms       | 1 |  1.0
Staves         | 1 |  1.0
Ranged Weapons | 1 |  1.0
Throwing       | 1 |  1.0
Armour         | 1 |  1.0
Stealth        | 1 |  1.0
Shields        | 1 |  1.0
Spellcasting   | 1 |  1.0
Evocations     | 1 |  1.0
Fighting       | |  2.6
Dodging        | |  4.6
Unarmed Combat | |  6.5
Conjurations   | |  0.7
Hexes          | |  0.7
Summonings     | |  0.7
Necromancy     | |  0.7
Translocations | |  0.7
Fire Magic     | |  0.7
Ice Magic      | |  0.7
Air Magic      | |  0.7
Earth Magic    | |  0.7
Alchemy        | |  0.7
Shapeshifting  | |  6.5

Action                     || total
---------------------------++-------
  Melee: Unarmed           ||    98
         Bite              ||     8
 Armour: Skin              ||    31
  Dodge: Dodged            ||    59
   Form: Flux              ||     1

Table legend: (Time is in decaauts)
 A = Elapsed time spent in this place.
 B = Non-inter-level travel time spent in this place.
 C = Inter-level travel time spent in this place.
 D = Time resting spent in this place.
 E = Time spent auto-exploring this place.
 F = Levels seen in this place.
 G = Mean time per level.
                   A        B        C        D        E       F      G
               +--------+--------+--------+--------+--------+-----+--------+
         Total |   2079 |   2040 |     39 |    213 |   1546 |   3 |  693.0 |
       Dungeon |   2079 |   2040 |     39 |    213 |   1546 |   3 |  693.0 |
               +--------+--------+--------+--------+--------+-----+--------+

Top non-repeatable levels by time:
     D:1: 1113 daAuts
     D:2: 837 daAuts
     D:3: 129 daAuts
